 Dungeon Crawl Stone Soup version 0.19-a0-579-gff4d854 (webtiles) character file.

487 Magifyre the Magician (level 6, -3/32 HPs)
             Began as a Deep Elf Ice Elementalist on June 9, 2016.
             Slain by a gnoll
             ... wielding a +0 spear
              (10 damage)
             ... on level 4 of the Dungeon.
             The game lasted 00:18:01 (3509 turns).

Magifyre the Magician (Deep Elf Ice Elementalist)   Turns: 3509, Time: 00:18:02

Health: -3/32      AC:  4    Str:  5    XL:     6   Next: 89%
Magic:  2/18       EV: 13    Int: 22    God:
Gold:   96         SH:  0    Dex: 15    Spells: 4 memorised, 8 levels left

rFire  . . .     SeeInvis .     m - +2 short sword (venom)
rCold  . . .     Gourm    .     a - +0 robe
rNeg   . . .     Faith    .     (no shield)
rPois  .         Spirit   .     (no helmet)
rElec  .         Dismiss  .     l - +0 cloak
rCorr  .         Reflect  .     v - +0 pair of gloves
SustAt .         Harm     .     (no boots)
MR     .....                    (no amulet)
Stlth  ++........               (no ring)
                                (no ring)

@: very slightly contaminated, not resistant to hostile enchantments, unstealthy
A: no striking features
a: no special abilities


You were on level 4 of the Dungeon.
You were hungry.

You visited 1 branch of the dungeon, and saw 4 of its levels.

You collected 96 gold pieces.

Inventory:

Hand Weapons
 m - a +2 short sword of venom (weapon)
Armour
 a - a +0 robe (worn)
 l - a +0 cloak (worn)
 v - a +0 pair of gloves (worn)
Scrolls
 e - 2 scrolls of identify {unknown}
 h - 2 scrolls of fog {unknown}
 k - a scroll of fear {unknown}
 n - a scroll of blinking {unknown}
 p - a scroll of magic mapping {unknown}
 q - a scroll of amnesia {unknown}
 r - 2 scrolls of noise {unknown}
 s - 3 scrolls of remove curse {unknown}
 t - a scroll of recharging {unknown}
Potions
 d - a potion of mutation {unknown}
 f - a potion of brilliance {unknown}
 g - a potion of flight {unknown}
 i - a potion of heal wounds {unknown}
 j - a potion of curing {unknown}
 w - a potion of ambrosia {unknown}
Books
 b - a book of Frost

   Spells                             Type                      Level
   a - Freeze                         Ice                          1
   b - Throw Frost                    Conjuration/Ice              2
   c - Ozocubu's Armour               Charms/Ice                   3
   d - Throw Icicle                   Conjuration/Ice              4
   e - Summon Ice Beast               Ice/Summoning                4
Comestibles
 c - 3 bread rations
 o - 2 meat rations
 u - a chunk of flesh


   Skills:
 - Level 2.4 Dodging
 - Level 2.4 Stealth
 + Level 7.4 Spellcasting
 - Level 1.1 Conjurations
 + Level 6.4 Ice Magic


You had 8 spell levels left.
You knew the following spells:

 Your Spells              Type           Power        Failure   Level  Hunger
a - Freeze                Ice            ####         1%          1    None
b - Throw Frost           Conj/Ice       ###...       2%          2    None
c - Throw Icicle          Conj/Ice       ###.....     17%         4    ###....
d - Summon Ice Beast      Ice/Summ       ###.....     21%         4    ###....


Dungeon Overview and Level Annotations

Branches:
Dungeon (4/15)
 Temple: D:4-7

Altars:


Message History

Confirm with . or Enter, or press ? or * to list all spells.
Aiming: Throw Frost
Press: ? - help, Shift-Dir - straight line, f/p - gnoll shaman
Aim: a gnoll shaman, wielding a whip and wearing a robe (severely wounded)
The puff of frost misses the gnoll shaman.
The gnoll shaman utters an invocation to its god.
The gnoll shaman is healed somewhat.
The gnoll hits you from afar with a spear.
Casting: Throw Frost
Confirm with . or Enter, or press ? or * to list all spells.
Okay, then.
The gnoll hits you with a spear! x2
* * * LOW HITPOINT WARNING * * *
You hit the gnoll.
The gnoll is poisoned.
The gnoll is moderately wounded.
The gnoll is no longer moving quickly.
The gnoll closely misses you.
You hit the gnoll but do no damage.
The gnoll looks even sicker.
The gnoll is heavily wounded.
The gnoll hits you with a spear!
You die...

###### ###### #....# ###.....
#....# #....... #....#
#.#..... #....# #.#.....
#....# #.....^.
########....##################
...........gg@...............)
####.......##################
#..............
#..........#### ###.###....#
##.######## #. #.....# #.
#.....# #g #..g..#


You could see a gnoll shaman and a gnoll.

Vanquished Creatures
  A scorpion (D:4)
  A giant frog skeleton (D:3)
  Jessica (D:2)
  An iguana (D:4)
  A worker ant (D:4)
  4 gnolls (D:3)
  4 adders
  An ooze (D:1)
  A worm (D:3)
  4 giant geckos
  9 bats
  7 giant cockroaches
  2 hobgoblins
  4 jackals
  5 giant newts
  4 goblins
  11 kobolds
  7 rats
68 creatures vanquished.

Vanquished Creatures (collateral kills)
  The ghost of Magifyre the Magician, a novice DEWz of Vehumet (D:4)
  2 gnolls (D:4)
3 creatures vanquished.

Grand Total: 71 creatures vanquished

Notes
Turn   | Place    | Note
--------------------------------------------------------------
     0 | D:1      | Magifyre the Deep Elf Ice Elementalist began the quest for the Orb.
     0 | D:1      | Reached XP level 1. HP: 10/10 MP: 6/6
   168 | D:1      | Reached XP level 2. HP: 15/15 MP: 5/8
   172 | D:1      | Learned a level 2 spell: Throw Frost
   306 | D:1      | Reached skill level 4 in Spellcasting
   691 | D:1      | Reached XP level 3. HP: 19/19 MP: 5/10
   841 | D:2      | Noticed Jessica
   845 | D:2      | Killed Jessica
  1027 | D:2      | Found a faded altar of an unknown god.
  1148 | D:2      | Reached XP level 4. HP: 24/24 MP: 5/12
  1597 | D:3      | Reached skill level 5 in Spellcasting
  2257 | D:3      | Reached XP level 5. HP: 20/28 MP: 2/15
  2426 | D:3      | Reached skill level 5 in Ice Magic
  2614 | D:3      | Learned a level 4 spell: Throw Icicle
  2619 | D:3      | Learned a level 4 spell: Summon Ice Beast
  2726 | D:4      | Noticed an orc warrior
  2804 | D:4      | Reached skill level 6 in Spellcasting
  3202 | D:4      | Reached XP level 6. HP: 32/32 MP: 5/17
  3218 | D:4      | Noticed Magifyre's ghost (novice DEWz)
  3232 | D:4      | Killed Magifyre's ghost
  3232 | D:4      | Reached skill level 7 in Spellcasting
  3509 | D:4      | Slain by a gnoll

Vault maps used:
D:1:      tarquinn_simple_flora_water_b
D:2:      ecumenical_altar_2, uniq_jessica

Skill      XL: |  1  2  3  4  5  6 |
---------------+-------------------+-----
Spellcasting   | 4 5 6 7 |  7.4
Ice Magic      | 4 5 6 |  6.4
Dodging        | |  2.4
Stealth        | |  2.4
Conjurations   | |  1.1

Action                   |  1- 3 |  4- 6 || total
-------------------------+-------+-------++-------
Melee: Spear             |    25 |       ||    25
       Unarmed           |     1 |       ||     1
       Short sword       |       |     8 ||     8
 Cast: Freeze            |    10 |    14 ||    24
       Throw Frost       |    30 |    72 ||   102
       Summon Ice Beast  |       |     3 ||     3
 Stab: Sleeping          |     2 |       ||     2
  Eat: Chunk             |     1 |     7 ||     8
Armor: Robe              |     6 |     6 ||    12
Dodge: Dodged            |    18 |    17 ||    35
